TOP OF THE 1ST |
Lake County Captains batting - Pitching for Beloit Snappers : RHP Ricky Lopez
|
Pitching: RHP Ricky Lopez
|
|
Batting: RHB George Wagner
|
0-0: Ball 1-0: Foul Ball, location: 2F 1-1: SINGLE (Line Drive, 89M, EV 110.6 MPH)
|
Batting: RHB Chris Diaz
|
0-0: Ball George Wagner is caught stealing 2nd base 2-4 1-0: Ball 2-0: Ground out U3 (Groundball, 34, EV 105.6 MPH)
|
Batting: RHB Josh Patterson
|
0-0: Ball 1-0: Ball 2-0: SINGLE (Groundball, 56, EV 108.8 MPH)
|
Batting: LHB Jeff Palmowski
|
0-0: Fly out, F8 (Flyball, 8RD, EV 96.9 MPH)
|
Top of the 1st over - 0 runs, 2 hits, 0 errors, 1 left on base; Lake County 0 - Beloit 0 |
BOTTOM OF THE 1ST |
Beloit Snappers batting - Pitching for Lake County Captains : RHP Victor Barron
|
Pitching: RHP Victor Barron
|
|
Batting: RHB Chris Bohm
|
0-0: Ball 1-0: Ball 2-0: Foul Ball, location: 2F 2-1: Ball 3-1: Fly out, F8 (Flyball, 8LD, EV 91.9 MPH)
|
Batting: RHB Min-chin Yi
|
0-0: Called Strike 0-1: Foul Ball, location: 2F 0-2: Strikes out looking
|
Batting: RHB Shannon Beck
|
0-0: Called Strike 0-1: Ball 1-1: Ground out 6-3 (Groundball, 6, EV 76.2 MPH)
|
Bottom of the 1st over - 0 runs, 0 hits, 0 errors, 0 left on base; Lake County 0 - Beloit 0 |
TOP OF THE 2ND |
Lake County Captains batting - Pitching for Beloit Snappers : RHP Ricky Lopez
|
Batting: RHB Adam McMillen
|
0-0: Foul Ball, location: 2F 0-1: Swinging Strike 0-2: Strikes out swinging
|
Batting: LHB Brandon Hopper
|
0-0: Ball 1-0: Foul Ball, location: 2F 1-1: Foul Ball, location: 2F 1-2: Ball 2-2: Strikes out looking
|
Batting: LHB Devon Grant
|
0-0: Ball 1-0: Ball 2-0: Foul Ball, location: 2F 2-1: Ball 3-1: Ground out 3-1 (Groundball, 34S, EV 87.5 MPH)
|
Top of the 2nd over - 0 runs, 0 hits, 0 errors, 0 left on base; Lake County 0 - Beloit 0 |
BOTTOM OF THE 2ND |
Beloit Snappers batting - Pitching for Lake County Captains : RHP Victor Barron
|
Batting: LHB Felipe Gomez
|
0-0: Called Strike 0-1: Ball 1-1: Called Strike 1-2: Foul Ball, location: 2F 1-2: SINGLE (Flyball, 6D, EV 88.8 MPH)
|
Batting: RHB Mike Gangi
|
0-0: Called Strike Felipe Gomez is caught stealing 2nd base 2-4 0-1: Swinging Strike 0-2: Ground out 4-3 (Groundball, 4, EV 110.0 MPH)
|
Batting: LHB Robert Wilkins
|
0-0: Ball 1-0: Ball 2-0: Ground out 6-3 (Groundball, 6, EV 89.4 MPH)
|
Bottom of the 2nd over - 0 runs, 1 hit, 0 errors, 0 left on base; Lake County 0 - Beloit 0 |
TOP OF THE 3RD |
Lake County Captains batting - Pitching for Beloit Snappers : RHP Ricky Lopez
|
Batting: LHB Rich Walker
|
0-0: Fly out, F2 (Popup, 2LF, EV 88.1 MPH)
|
Batting: RHB John Bianconi
|
0-0: Ball 1-0: Called Strike 1-1: Called Strike 1-2: Fly out, F7 (Flyball, 7S, EV 85.6 MPH)
|
Batting: RHB George Wagner
|
0-0: Swinging Strike 0-1: Ground out 5-3 (Groundball, 56, EV 84.4 MPH)
|
Top of the 3rd over - 0 runs, 0 hits, 0 errors, 0 left on base; Lake County 0 - Beloit 0 |
BOTTOM OF THE 3RD |
Beloit Snappers batting - Pitching for Lake County Captains : RHP Victor Barron
|
Batting: RHB Emiel Schlepers
|
0-0: Foul Ball, location: 2F 0-1: Ball 1-1: Fly out, F7 (Flyball, 7D, EV 98.1 MPH)
|
Batting: RHB Clay Statum
|
0-0: Ball 1-0: Ball 2-0: Ball 3-0: Called Strike 3-1: Called Strike 3-2: Base on Balls
|
Batting: RHB Don Burt
|
0-0: Ball 1-0: Called Strike 1-1: Swinging Strike 1-2: Strikes out swinging
|
Batting: RHB Chris Bohm
|
0-0: Ball 1-0: Swinging Strike 1-1: SINGLE (Groundball, 4MD, EV 100.0 MPH) Clay Statum to second
|
Batting: RHB Min-chin Yi
|
0-0: Called Strike 0-1: Called Strike 0-2: Foul Ball, location: 2F 0-2: Ball 1-2: Foul Ball, location: 2F 1-2: Ball 2-2: Foul Ball, location: 2F 2-2: Ball 3-2: SINGLE (Groundball, 4MD, EV 96.2 MPH) Clay Statum to third Chris Bohm to second Clay Statum scores Chris Bohm to third
|
Batting: RHB Shannon Beck
|
0-0: Foul Ball, location: 2F 0-1: Ball 1-1: Swinging Strike 1-2: Ball 2-2: Ball 3-2: SINGLE (Line Drive, 78S, EV 99.4 MPH) Chris Bohm scores Min-chin Yi to second Min-chin Yi to third
|
Batting: LHB Felipe Gomez
|
0-0: Called Strike 0-1: Ball 1-1: Swinging Strike 1-2: Ball 2-2: Foul Ball, location: 2F 2-2: SINGLE (Flyball, 6MD, EV 96.9 MPH) Min-chin Yi scores Shannon Beck to second
|
Batting: RHB Mike Gangi
|
0-0: Called Strike 0-1: SINGLE (Groundball, 25, EV 63.1 MPH) (infield hit) Shannon Beck to third Felipe Gomez to second
|
Batting: LHB Robert Wilkins
|
0-0: Ball 1-0: Ball 2-0: Foul Ball, location: 2F 2-1: Ball 3-1: Fielders Choice at 2nd, 5-4 (Groundball, 56, EV 103.8 MPH)
|
Bottom of the 3rd over - 3 runs, 5 hits, 0 errors, 3 left on base; Lake County 0 - Beloit 3 |
TOP OF THE 4TH |
Lake County Captains batting - Pitching for Beloit Snappers : RHP Ricky Lopez
|
Batting: RHB Chris Diaz
|
0-0: Ball 1-0: Fly out, F9 (Flyball, 89S, EV 97.5 MPH)
|
Batting: RHB Josh Patterson
|
0-0: Foul Ball, location: 2F 0-1: Ball 1-1: Ball 2-1: SINGLE (Line Drive, 6D, EV 98.1 MPH)
|
Batting: LHB Jeff Palmowski
|
0-0: Ball 1-0: Foul Ball, location: 2F 1-1: Foul Ball, location: 2F 1-2: Fly out, F8 (Flyball, 8LD, EV 77.5 MPH)
|
Batting: RHB Adam McMillen
|
0-0: Fly out, F9 (Flyball, 89M, EV 92.5 MPH)
|
Top of the 4th over - 0 runs, 1 hit, 0 errors, 1 left on base; Lake County 0 - Beloit 3 |
BOTTOM OF THE 4TH |
Beloit Snappers batting - Pitching for Lake County Captains : RHP Victor Barron
|
Batting: RHB Emiel Schlepers
|
0-0: Ball 1-0: Foul Ball, location: 2F 1-1: SINGLE (Groundball, 6MS, EV 86.9 MPH) (infield hit)
|
Batting: RHB Clay Statum
|
0-0: Called Strike 0-1: Swinging Strike 0-2: Ball 1-2: Ball 2-2: Grounds into double play, 5-4-3 (Groundball, 56, EV 83.1 MPH)
|
Batting: RHB Don Burt
|
0-0: Foul Ball, location: 2F 0-1: Ball 1-1: Foul Ball, location: 2F 1-2: Foul Ball, location: 2F 1-2: Ground out 6-3 (Groundball, 6, EV 86.2 MPH)
|
Bottom of the 4th over - 0 runs, 1 hit, 0 errors, 0 left on base; Lake County 0 - Beloit 3 |
TOP OF THE 5TH |
Lake County Captains batting - Pitching for Beloit Snappers : RHP Ricky Lopez
|
Batting: LHB Brandon Hopper
|
0-0: Ground out 5-3 (Groundball, 56, EV 96.2 MPH)
|
Batting: LHB Devon Grant
|
0-0: Ball 1-0: Called Strike 1-1: Called Strike 1-2: Ball 2-2: Ball 3-2: Ground out 1-3 (Groundball, 13S, EV 73.8 MPH)
|
Batting: LHB Rich Walker
|
0-0: Fly out, F9 (Flyball, 9, EV 96.9 MPH)
|
Top of the 5th over - 0 runs, 0 hits, 0 errors, 0 left on base; Lake County 0 - Beloit 3 |
BOTTOM OF THE 5TH |
Beloit Snappers batting - Pitching for Lake County Captains : RHP Victor Barron
|
Batting: RHB Chris Bohm
|
0-0: Ball 1-0: Ground out 6-3 (Groundball, 6, EV 83.1 MPH)
|
Batting: RHB Min-chin Yi
|
0-0: Foul Ball, location: 2F 0-1: Foul Ball, location: 2F 0-2: DOUBLE (Groundball, 5L, EV 97.5 MPH)
|
Batting: RHB Shannon Beck
|
0-0: SINGLE (Line Drive, 9S, EV 112.5 MPH) Min-chin Yi to third
|
Batting: LHB Felipe Gomez
|
0-0: Called Strike 0-1: SINGLE (Flyball, 5D, EV 91.2 MPH) Min-chin Yi scores Shannon Beck to second
|
Batting: RHB Mike Gangi
|
0-0: Ball Wild Pitch! Shannon Beck to third Felipe Gomez to second 1-0: Called Strike 1-1: Ball 2-1: Foul Ball, location: 2F 2-2: Strikes out looking
|
Batting: LHB Robert Wilkins
|
0-0: Ball 1-0: Called Strike 1-1: SINGLE (Groundball, 56D, EV 105.6 MPH) Shannon Beck scores Felipe Gomez to third Runner from 3rd tries for Home, throw by LF and OUT! 7-2
|
Bottom of the 5th over - 2 runs, 4 hits, 0 errors, 1 left on base; Lake County 0 - Beloit 5 |
TOP OF THE 6TH |
Lake County Captains batting - Pitching for Beloit Snappers : RHP Ricky Lopez
|
Batting: RHB John Bianconi
|
0-0: Foul Ball, location: 2F 0-1: Called Strike 0-2: Ball 1-2: Ground out 5-3 (Groundball, 56, EV 101.9 MPH)
|
Batting: RHB George Wagner
|
0-0: Called Strike 0-1: Swinging Strike 0-2: Ball 1-2: Fly out, F6 (Popup, 6, EV 49.4 MPH)
|
Batting: RHB Chris Diaz
|
0-0: Ball 1-0: Swinging Strike 1-1: Ball 2-1: Fly out, F6 (Line Drive, 6, EV 69.4 MPH)
|
Top of the 6th over - 0 runs, 0 hits, 0 errors, 0 left on base; Lake County 0 - Beloit 5 |
BOTTOM OF THE 6TH |
Beloit Snappers batting - Pitching for Lake County Captains : RHP Victor Barron
|
Pitching: RHP Jon Samer
|
|
Batting: RHB Emiel Schlepers
|
0-0: Ball 1-0: Ball 2-0: Ball 3-0: Base on Balls
|
Batting: RHB Clay Statum
|
0-0: Ball 1-0: Called Strike 1-1: Swinging Strike 1-2: Strikes out swinging
|
Batting: RHB Don Burt
|
0-0: Foul Ball, location: 2F 0-1: Foul Ball, location: 2F 0-2: Strikes out swinging
|
Batting: RHB Chris Bohm
|
0-0: Called Strike 0-1: Foul Ball, location: 2F 0-2: Ball 1-2: Strikes out looking
|
Bottom of the 6th over - 0 runs, 0 hits, 0 errors, 1 left on base; Lake County 0 - Beloit 5 |
TOP OF THE 7TH |
Lake County Captains batting - Pitching for Beloit Snappers : RHP Ricky Lopez
|
Batting: RHB Josh Patterson
|
0-0: Ball 1-0: Ball 2-0: Ball 3-0: Ground out 6-3 (Groundball, 6, EV 105.6 MPH)
|
Batting: LHB Jeff Palmowski
|
0-0: Ball 1-0: Ground out 6-3 (Groundball, 6, EV 80.6 MPH)
|
Batting: RHB Adam McMillen
|
0-0: Called Strike 0-1: Foul Ball, location: 2F 0-2: Ball 1-2: Ball 2-2: SINGLE (Flyball, 6D, EV 92.5 MPH)
|
Batting: LHB Brandon Hopper
|
0-0: Ball 1-0: Called Strike 1-1: Swinging Strike 1-2: Ground out 4-3 (Groundball, 34, EV 108.1 MPH)
|
Top of the 7th over - 0 runs, 1 hit, 0 errors, 1 left on base; Lake County 0 - Beloit 5 |
BOTTOM OF THE 7TH |
Beloit Snappers batting - Pitching for Lake County Captains : RHP Jon Samer
|
Batting: RHB Min-chin Yi
|
0-0: Ball 1-0: Foul Ball, location: 2F 1-1: Called Strike 1-2: Ground out 4-3 (Groundball, 4, EV 88.8 MPH)
|
Batting: RHB Shannon Beck
|
0-0: Ball 1-0: Ball 2-0: Swinging Strike 2-1: Fly out, F8 (Line Drive, 89M, EV 93.8 MPH)
|
Batting: LHB Felipe Gomez
|
0-0: Called Strike 0-1: Ball 1-1: Called Strike 1-2: Ball 2-2: Foul Ball, location: 2F 2-2: Ball 3-2: Base on Balls
|
Batting: RHB Mike Gangi
|
0-0: Called Strike Felipe Gomez steals 2nd base 0-1: Ball 1-1: Ball 2-1: Foul Ball, location: 2F 2-2: Ground out 4-3 (Groundball, 4, EV 85.6 MPH)
|
Bottom of the 7th over - 0 runs, 0 hits, 0 errors, 1 left on base; Lake County 0 - Beloit 5 |
TOP OF THE 8TH |
Lake County Captains batting - Pitching for Beloit Snappers : RHP Ricky Lopez
|
Batting: LHB Devon Grant
|
0-0: Ball 1-0: Ground out 1-3 (Groundball, 34S, EV 71.9 MPH)
|
Batting: LHB Rich Walker
|
0-0: Ball 1-0: Ball 2-0: Ball 3-0: Base on Balls
|
Pitching: RHP Juan Lucero
|
|
Batting: RHB John Bianconi
|
0-0: Ball 1-0: Foul Ball, location: 2F 1-1: Fly out, F7 (Flyball, 7LM, EV 81.9 MPH)
|
Pinch Hitting: LHB Vinny Carreno
|
0-0: Called Strike 0-1: Swinging Strike 0-2: Ball 1-2: Foul Ball, location: 2F 1-2: Strikes out swinging
|
Top of the 8th over - 0 runs, 0 hits, 0 errors, 1 left on base; Lake County 0 - Beloit 5 |
BOTTOM OF THE 8TH |
Beloit Snappers batting - Pitching for Lake County Captains : RHP Jon Samer
|
Now in CF: Devon Grant
|
|
Now in RF: Vinny Carreno
|
|
Batting: LHB Robert Wilkins
|
0-0: Called Strike 0-1: Swinging Strike 0-2: Ground out 4-3 (Groundball, 4, EV 79.4 MPH)
|
Batting: RHB Emiel Schlepers
|
0-0: Ball 1-0: Called Strike 1-1: Ball 2-1: Foul Ball, location: 2F 2-2: Foul Ball, location: 2F 2-2: Strikes out looking
|
Batting: RHB Clay Statum
|
0-0: Called Strike 0-1: Foul Ball, location: 2F 0-2: Ground out U3 (Groundball, 3, EV 81.2 MPH)
|
Bottom of the 8th over - 0 runs, 0 hits, 0 errors, 0 left on base; Lake County 0 - Beloit 5 |
TOP OF THE 9TH |
Lake County Captains batting - Pitching for Beloit Snappers : RHP Juan Lucero
|
Batting: RHB Chris Diaz
|
0-0: Called Strike 0-1: Foul Ball, location: 2F 0-2: Ball 1-2: Strikes out looking
|
Batting: RHB Josh Patterson
|
0-0: Foul Ball, location: 2F 0-1: Ball 1-1: Ball 2-1: SINGLE (Line Drive, 78M, EV 94.4 MPH)
|
Batting: LHB Jeff Palmowski
|
0-0: Called Strike 0-1: Called Strike 0-2: Strikes out swinging
|
Pinch Hitting: LHB Ben Rubenacker
|
0-0: Swinging Strike 0-1: Ball 1-1: Called Strike 1-2: Strikes out looking
|
Top of the 9th over - 0 runs, 1 hit, 0 errors, 1 left on base; Lake County 0 - Beloit 5 |
|